 Dungeon Crawl Stone Soup version 0.27.1-33-g824d729ab1 (webtiles) character file.

Game seed: 5899818554924147859

200 halfoni the Chopper (level 6, -3/48 HPs)
             Began as a Human Berserker on Dec 18, 2021.
             Was a Believer of Trog.
             Slain by an orc wizard (4 damage)
             ... on level 3 of the Dungeon.
             The game lasted 00:06:27 (3622 turns).

halfoni the Chopper (Human Berserker)               Turns: 3622, Time: 00:06:28

Health: -3/48      AC:  9    Str: 20    XL:     6   Next: 6%
Magic:  6/6        EV: 11    Int:  7    God:    Trog [**....]
Gold:   157        SH:  0    Dex: 12    Spells: 5/5 levels left

rFire    . . .     SeeInvis .   a - +0 hand axe
rCold    . . .     Faith    .   (no shield)
rNeg     . . .     Spirit   .   d - +0 ring mail
rPois    .         Reflect  .   u - +0 helmet
rElec    .         Harm     .   r - +0 cloak
rCorr    .         Rampage  .   (no gloves)
Will     .....                  m - +0 pair of boots
Stlth    +.........             (no amulet)
HPRegen  0.16/turn              (no ring)
MPRegen  0.10/turn              (no ring)

@: on berserk cooldown, slowed, very slow
A: no striking features
a: Renounce Religion, Berserk, Trog's Hand


You were on level 3 of the Dungeon.
You worshipped Trog.
Trog was pleased with you.
You visited 1 branch of the dungeon, and saw 3 of its levels.

You collected 157 gold pieces.

Inventory:

Hand Weapons
 a - a +0 hand axe (weapon)
 n - a +1 long sword of electrocution
Armour
 d - a +0 ring mail (worn)
 m - a +0 pair of boots (worn)
 r - a +0 cloak (worn)
 u - a +0 helmet (worn)
Jewellery
 e - a ring of magical power
Scrolls
 f - 2 scrolls of immolation {unknown}
 g - a scroll of acquirement {unknown}
 h - 2 scrolls of noise {unknown}
 i - a scroll of teleportation {unknown}
 j - 2 scrolls of amnesia {unknown}
 l - a scroll of vulnerability {unknown}
 o - a scroll of brand weapon {unknown}
 p - a scroll of blinking {unknown}
 q - a scroll of enchant weapon {unknown}
Potions
 b - 2 potions of flight {unknown}
 c - a potion of cancellation {unknown}
 k - 3 potions of heal wounds {unknown}
 s - a potion of degeneration {unknown}
 t - a potion of curing {unknown}


   Skills:
 + Level 3.8 Fighting
 + Level 4.7 Axes
 + Level 3.5 Armour
 + Level 2.4 Dodging


You had 5 spell levels left.
You didn't know any spells.
Your spell library was empty.

Dungeon Overview and Level Annotations

Branches:
Dungeon (3/15)

Altars:
Zin
The Shining One


Message History

You hear a splashing noise.
You closely miss something. You closely miss the orc.
You feel less confused. The orc barely misses you.
Something hits you but does no damage. Something hits you.
The orc hits you with a +0 flail.
The orc priest shouts!
You hit something. You closely miss the orc.
Something hits you but does no damage. The orc hits you but does no damage.
You hear a splashing noise.
The orc hits you with a +0 flail. Something hits you but does no damage.
You barely miss something. You barely miss the orc. Something hits you.
The orc misses you.
You hear a splashing noise.
You hit the orc.
You kill the orc!
Trog accepts your kill.
You hear a splash.
You barely miss something. Something hits you.
Something hits you but does no damage. x2
Something hits you but does no damage.
You hear some strange, mumbled words.
Something tries to affect you, but you resist.
The orc priest miscasts a cantrip.
Something hits you but does no damage.
Things that are here:
a +0 flail; an orc corpse The orc priest barely misses you.
The orc priest splashes around in the water.
Something hits you but does no damage.
The orc priest calls down the wrath of Beogh upon you.
Beogh smites you!
* * * LOW HITPOINT WARNING * * *
Something hits you.
* * * LOW HITPOINT WARNING * * *
Unknown command.
The orc priest invokes the aid of Beogh against you.
Beogh smites you!
* * * LOW HITPOINT WARNING * * *
Something hits you.
You die...

#######≈P.:P# #≈≈##≈##
##P#P.##≈≈P..# .#≈≈#≈≈≈#
##PPP.#.##≈≈≈.######.#≈≈#≈≈≈#
#.P#.P#P###≈≈≈..≈≈...#≈≈≈≈≈≈#
##.#....#.##≈≈.≈≈≈≈..#≈≈≈≈≈≈#
.##..#.....##)≈≈≈≈≈≈.#≈≈≈≈≈≈#
#.#...#...#.##≈o≈≈≈≈≈≈≈≈≈≈≈≈#
#........P##.##{≈≈≈≈≈≈≈≈≈≈≈≈#
≈≈≈≈≈≈≈≈≈≈.#..##@≈≈≈≈≈≈≈#≈≈≈#
≈≈≈≈≈≈≈≈≈≈≈.≈#.##≈≈≈≈≈≈≈#≈≈≈#
..≈≈≈.≈≈≈.≈≈≈≈≈≈##≈≈≈≈≈##≈≈≈#
.#≈≈≈#≈≈≈#≈≈≈#.≈≈##≈≈####≈≈##
###.###.###.###.≈##≈## ##≈#
.#...#...#...#....#######.##
..................###...÷##
.......÷.....)....'.'....#
..................#.'....#


You could see an orc priest.

Vanquished Creatures
  A scorpion (D:2)
  Natasha (D:3)
  Robin (D:3)
  2 adders
  2 worms
  6 orcs (D:3)
  6 ball pythons
  3 endoplasms
  2 giant cockroaches
  12 goblins
  7 hobgoblins
  2 jackals (D:1)
  2 quokkas (D:2)
  6 bats
  3 frilled lizards
  6 kobolds
  6 rats
68 creatures vanquished.

Vanquished Creatures (others)
  14 plants (D:3)
14 creatures vanquished.

Grand Total: 82 creatures vanquished

Notes
Turn   | Place    | Note
-------+----------+-------------------------------------------
     0 | D:1      | halfoni the Human Berserker began the quest for the Orb.
     0 | D:1      | Reached XP level 1. HP: 18/18 MP: 1/1
   255 | D:1      | Reached XP level 2. HP: 24/24 MP: 2/2
   843 | D:1      | Reached XP level 3. HP: 20/29 MP: 3/3
  1587 | D:2      | Found a glowing silver altar of Zin.
  1644 | D:2      | Reached XP level 4. HP: 34/35 MP: 4/4
  1792 | D:2      | Reached ** piety under Trog
  1823 | D:2      | Noticed a scorpion
  1841 | D:2      | Killed a scorpion
  1842 | D:2      | Reached skill level 4 in Axes
  1842 | D:2      | Reached XP level 5. HP: 30/42 MP: 5/5
  2627 | D:3      | Noticed Robin
  2640 | D:3      | Killed Robin
  2737 | D:3      | Found a glowing golden altar of the Shining One.
  2832 | D:3      | Noticed Natasha
  2835 | D:3      | Killed Natasha
  3018 | D:3      | Reached XP level 6. HP: 48/48 MP: 6/6
  3622 | D:3      | HP: 1/48 [orc priest/divine providence (8)]
  3622 | D:3      | Slain by an orc wizard

Illustrated notes

Levels and vault maps discovered:
D:1:      dpeg_arrival_subterranean_lakeside_camping, layout_basic
D:2:      layout_loops_ring, hangedman_feature_mirror, minmay_hexomino_r4
D:3:      wad_lake_hut, layout_rooms, overflow_temple_1_default, serial_shops,
          shop, patterned_corridor, uniq_robin, uniq_natasha, uniq_sigmund

Skill      XL: |  1  2  3  4 |
---------------+-------------+-----
Axes           | 4 |  4.7
Armour         | 3 |  3.5
Fighting       | |  3.8
Dodging        | |  2.4

Action                   |  1- 3 |  4- 6 || total
-------------------------+-------+-------++-------
Melee: Hand axe          |    89 |   129 ||   218
Invok: Berserk           |     2 |     7 ||     9
       Trog's Hand       |       |     2 ||     2
Armor: Animal skin       |     6 |       ||     6
       Ring mail         |    27 |    47 ||    74
Dodge: Dodged            |    40 |    68 ||   108
